 Dungeon Crawl Stone Soup version 0.19-a0-157-gbc558dc (webtiles) character file.

42 wvc the Insei (level 3, 4/29 HPs)
             Began as a Mummy Monk on May 20, 2016.
             Quit the game on level 2 of the Dungeon.
             The game lasted 00:02:13 (1431 turns).

wvc the Insei (Mummy Monk)                          Turns: 1431, Time: 00:02:13

Health: 4/29       AC:  3    Str: 14    XL:     3   Next: 35%
Magic:  3/3        EV: 12    Int:  9    God:
Gold:   56         SH:  0    Dex: 15    Spells: 0 memorised, 2 levels left

rFire  x . .     SeeInvis .     h - +0 flail
rCold  + . .     Gourm    .     d - +0 leather armour
rNeg   + + +     Faith    .     (no shield)
rPois  ∞         Spirit   .     (no helmet)
rElec  .         Dismiss  .     (no cloak)
rCorr  .         Reflect  .     (no gloves)
SustAt .         Harm     .     (no boots)
MR     .....                    (no amulet)
Stlth  ++........               (no ring)
                                (no ring)

@: not resistant to hostile enchantments, unstealthy
A: no food or potions, fire vulnerability, cold resistance 1, negative energy
resistance 3, torment resistance, unbreathing
a: no special abilities


You were on level 2 of the Dungeon.
You were not hungry.

You visited 1 branch of the dungeon, and saw 2 of its levels.

You collected 56 gold pieces.

Inventory:

Hand Weapons
 h - a +0 flail (weapon)
Armour
 d - a +0 leather armour (worn)
Scrolls
 a - 2 scrolls of teleportation
 b - a scroll of enchant armour {unknown}
 c - a scroll of remove curse {unknown}
 e - a scroll of identify {unknown}
 f - 2 scrolls of recharging {unknown}
 g - a scroll of noise {unknown}


   Skills:
 - Level 3.0 Fighting
 * Level 2.1 Maces & Flails
 + Level 1.0 Armour
 - Level 2.4 Dodging
 - Level 1.5 Stealth
 - Level 3.2 Unarmed Combat


You had 2 spell levels left.
You didn't know any spells.

Dungeon Overview and Level Annotations

Branches:
Dungeon (2/15)

Altars:


Innate Abilities, Weirdness & Mutations

You do not eat or drink.
Your flesh is vulnerable to fire.
You are immune to poison.
Your flesh is cold resistant.
You are immune to negative energy.
You are immune to unholy pain and torment.
You can survive without breathing.


Message History

The gnoll is too close now for your liking.
Wield which item (- for none, * to show all)? (? for menu, Esc to quit)
h - a +0 flail (weapon)
A gnoll comes into view. It is wielding a flail.
The gnoll shouts! x2
The gnoll hits you with a halberd of protection.
You hit the gnoll.
The gnoll is moderately wounded.
The gnoll hits you with a halberd of protection!
You barely miss the gnoll.
The gnoll is moderately wounded.
The gnoll closely misses you. The gnoll hits you.
You hit the gnoll but do no damage.
The gnoll is moderately wounded.
The gnoll barely misses you. The gnoll hits you!
* * * LOW HITPOINT WARNING * * *
You are too injured to fight recklessly!
You are too injured to fight recklessly!
You are too injured to fight recklessly!
Are you sure you want to abandon this character and quit the game? (Confirm with "yes".)

..##..#.# #######.....##..#
..##..#.###...........##..#
).........#.########..#...#
#######.#.#†............!##
........#.#####...#.#....#
#......##.###...........##
#.....<##.#.#.......[...###
.......##.#.#....g.##.....#
.......##...#(>.@gg##.#.#.#
.............(.....##.#...######
#...........#..########.....)..#
#......######..........#....#.##
.......# #.########.#.#>.#.#
######.# #...............#.#
.....#.# #######..#.##.....#
.....#.# #..#.......## ..÷..#.#
## #########


You could see 3 gnolls.

Vanquished Creatures
  An adder (D:2)
  A worm (D:2)
  A ball python (D:2)
  2 bats (D:1)
  3 giant cockroaches
  4 goblins
  3 hobgoblins
  3 giant newts
  4 kobolds
  8 rats
30 creatures vanquished.

Notes
Turn   | Place    | Note
--------------------------------------------------------------
     0 | D:1      | wvc the Mummy Monk began the quest for the Orb.
     0 | D:1      | Reached XP level 1. HP: 18/18 MP: 1/1
   193 | D:1      | Reached skill level 1 in Maces & Flails
   197 | D:1      | Reached XP level 2. HP: 15/24 MP: 2/2
   804 | D:2      | Reached XP level 3. HP: 13/29 MP: 3/3
  1172 | D:2      | Reached skill level 1 in Armour
  1431 | D:2      | Quit the game

Vault maps used:
D:1:      scummos_arrival_gate
D:2:      first_bread, grunt_decor_one_mirror

Skill      XL: |  1  2  3 |
---------------+----------+-----
Maces & Flails | 1 2 |  2.1
Armour         | 1 |  1.0
Fighting       | |  3.0
Dodging        | |  2.4
Stealth        | |  1.5
Unarmed Combat | |  3.2

Action                   || total
-------------------------++-------
Melee: Unarmed           ||   119
       Punch             ||     3
       Flail             ||     3
  Use: Scroll            ||     1
 Stab: Sleeping          ||     3
Armor: Leather armour    ||    24
Dodge: Dodged            ||    56
